AoeStats
← Two_Smoothie_Machines

Arabia

510376296Analyzed
3v3 RM · 23h ago on Sep 30, 2026· 29m 47s· 6 players
Game mode
Random Map
Map size
Normal (6 player)
Population
200
Speed
Normal
Resources
Standard
Victory
Conquest
Starting age
Dark Age
Ending age
Imperial Age
RankedLock teamsTeams togetherTeam positionsShared explorationLock speedFull tech treeHidden civsTurbo modeCheats
Victory
Defeat
🇫🇷 Franks · France
1021
+13
🇫🇷 Japanese · France
981
+15
🇫🇷 Khmer · France
948
+16
🇧🇷 Ethiopians · Brazil
961
-41
🇬🇧 Lithuanians · United Kingdom
957
-15
🇲🇽 Berbers · Mexico
943
-14
MadmanMike91
7:17 Loom
9:45 Feudal Age
25:54 Castle Age
25:31 Bloodlines
25:28 Scale Barding Armor
25:34 Forging
26:46 Husbandry
29:24 Padded Archer Armor
BearKing89
10:39 Loom
12:29 Feudal Age
18:02 Castle Age
16:57 Forging
16:52 Scale Barding Armor
19:24 Husbandry
24:25 Bloodlines
25:30 Iron Casting
TwoElzin
14:32 Feudal Age
19:05 Wheelbarrow
Two_Smoothie_Machines
5:51 Loom
10:24 Feudal Age
10:52 Double-Bit Axe
19:50 Castle Age
18:22 Scale Barding Armor
19:21 Forging
20:57 Bow Saw
22:02 Gold Mining
22:32 Pikeman
BEN ABITBOL
6:31 Loom
9:41 Feudal Age
10:24 Man-at-Arms
13:05 Arson
13:40 Double-Bit Axe
18:15 Wheelbarrow
22:56 Castle Age
21:14 Horse Collar
22:21 Stone Mining
22:24 Gold Mining
24:15 Bow Saw
24:13 Squires
25:46 Pikeman
26:14 Long Swordsman
26:40 Gambesons
27:18 Forging
27:08 Scale Mail Armor
Arthur Darmel
9:31 Feudal Age
13:55 Bloodlines
14:16 Double-Bit Axe
16:53 Wheelbarrow
21:58 Castle Age
22:55 Light Cavalry
28:02 Pikeman
Connection lost

Rejoining the realm…

Still unreachable

The connection could not be restored.

Session expired

The server has moved on; the page needs a fresh start.